[Event "ICC tourney 1941 (7 2)"]
[Site "Internet Chess Club"]
[Date "2020.07.31"]
[Round "7"]
[White "FL2009"]
[Black "atippa"]
[Result "0-1"]
[ICCResult "White resigns"]
[WhiteElo "1547"]
[BlackElo "1370"]
[Opening "Two knights defense (Modern bishop's opening)"]
[ECO "C55"]
[NIC "IG.01"]
[Time "22:23:28"]
[TimeControl "420+2"]

1. e4 e5 2. Nf3 Nc6 3. Bc4 Nf6 4. d3 Be7 5. O-O d6 6. c3 Na5 7. Bb5+ c6 8.
Ba4 b5 9. Bc2 c5 10. Re1 Nc6 11. Be3 O-O 12. Nbd2 Bb7 13. a3 d5 14. exd5
Nxd5 15. Ne4 Nxe3 16. fxe3 Bd6 17. Ng3 Ne7 18. e4 a5 19. Qe2 b4 20. axb4
cxb4 21. d4 exd4 22. cxd4 Bxg3 23. hxg3 Qc7 24. e5 Rfd8 25. Qd3 g6 26. b3
Nf5 27. Rad1 Bxf3 28. Qxf3 Qxc2 29. Rc1 Qb2 30. Red1 Nxd4 31. Qe4 Ne2+ 32.
Kh2 Nxc1 {White resigns} 0-1

[Event "ICC tourney 1941 (7 2)"]
[Site "Internet Chess Club"]
[Date "2020.07.31"]
[Round "7"]
[White "saiabhi29"]
[Black "MrNormalName"]
[Result "0-1"]
[ICCResult "White resigns"]
[WhiteElo "1372"]
[BlackElo "1901"]
[Opening "Queen's pawn: London system"]
[ECO "A45"]
[NIC "QP.07"]
[Time "22:24:24"]
[TimeControl "420+2"]

1. d4 Nf6 2. Bf4 d5 3. e3 c5 4. c3 Nc6 5. Nd2 e6 6. Ngf3 Bd6 7. Bg3 O-O 8.
Bd3 b6 9. e4 Be7 10. e5 Nh5 11. O-O Nxg3 12. hxg3 cxd4 13. cxd4 Nb4 14. Qe2
Nxd3 15. Qxd3 a5 16. Rfc1 Ba6 17. Qe3 Rc8 18. a3 Qd7 19. Qb3 Qb5 20. Qxb5
Bxb5 21. Ne1 Ba6 22. Nc2 Rc7 23. Ne3 Rfc8 24. Rxc7 Rxc7 25. Nb1 Rc1+ 26. Kh2
Bd3 27. b4 Rxb1 28. Ra2 Bc4 29. Rc2 axb4 30. axb4 Rxb4 31. Rc1 b5 32. Ra1
Ra4 {White resigns} 0-1

[Event "ICC tourney 1941 (7 2)"]
[Site "Internet Chess Club"]
[Date "2020.07.31"]
[Round "7"]
[White "liguowh"]
[Black "Goran21"]
[Result "1-0"]
[ICCResult "Black resigns"]
[WhiteElo "1559"]
[BlackElo "1769"]
[Opening "Ruy Lopez: Berlin defense, 4.O-O, d6"]
[ECO "C66"]
[NIC "RL.07"]
[Time "22:23:39"]
[TimeControl "420+2"]

1. e4 e5 2. Nf3 Nc6 3. Bb5 Nf6 4. O-O d6 5. c3 g6 6. d4 exd4 7. e5 dxe5 8.
Nxe5 Qd5 9. Bxc6+ bxc6 10. Re1 Be6 11. cxd4 Bg7 12. Nc3 Qd6 13. Nc4 Qb4 14.
Ne5 O-O 15. Nxc6 Qd6 16. d5 Bg4 17. Qd4 Rfe8 18. Bf4 Qd7 19. h3 Bf5 20. Be5
Nh5 21. g4 f6 22. Bh2 Bc2 23. Qd2 f5 24. gxh5 Be4 25. h6 Bf6 26. Nxe4 fxe4
27. Qf4 Rf8 28. Qxe4 Rae8 29. Qc4 Rxe1+ 30. Rxe1 Qxh3 31. d6+ Kh8 32. Be5
Bxe5 33. Nxe5 Qf5 34. Nf7+ Kg8 35. Ng5+ Kh8 36. Qd4+ {Black resigns} 1-0

[Event "ICC tourney 1941 (7 2)"]
[Site "Internet Chess Club"]
[Date "2020.07.31"]
[Round "7"]
[White "DejaVu"]
[Black "Samuel-Colt"]
[Result "1-0"]
[ICCResult "Black resigns"]
[WhiteElo "1346"]
[BlackElo "1490"]
[Opening "French: King's Indian attack"]
[ECO "C00"]
[NIC "FR.02"]
[Time "22:23:41"]
[TimeControl "420+2"]

1. e4 e6 2. d3 c5 3. Nf3 Nc6 4. g3 d5 5. Qe2 Nge7 6. Bg2 Nd4 7. Nxd4 cxd4 8.
O-O dxe4 9. Qxe4 Ng6 10. Nd2 Be7 11. h4 Rb8 12. Nf3 b6 13. Qxd4 Qxd4 14.
Nxd4 O-O 15. Nc6 Rb7 16. h5 Nh8 17. Nxe7+ Rxe7 18. b3 Rc7 19. c4 Rd8 20. Rd1
f6 21. d4 Nf7 22. Bf4 Rcd7 23. d5 e5 24. Be3 Nd6 25. Rd2 Re7 26. Rad1 Bg4
27. Rc1 Bxh5 28. b4 Rc7 29. c5 bxc5 30. bxc5 Nf5 31. d6 Nxd6 32. Rb1 Nf7 33.
Rxd8+ Nxd8 34. Rb8 Rd7 35. c6 Rd1+ 36. Kh2 Bg4 37. c7 Kf7 38. cxd8=Q Rxd8
39. Rxd8 {Black resigns} 1-0

[Event "ICC tourney 1941 (7 2)"]
[Site "Internet Chess Club"]
[Date "2020.07.31"]
[Round "7"]
[White "AmyMGL"]
[Black "BreatheChessAls"]
[Result "1-0"]
[ICCResult "Black checkmated"]
[WhiteElo "1546"]
[BlackElo "1534"]
[Opening "Sicilian: Kan, 5.Nc3"]
[ECO "B43"]
[NIC "SI.41"]
[Time "22:23:38"]
[TimeControl "420+2"]

1. e4 c5 2. Nf3 e6 3. d4 cxd4 4. Nxd4 a6 5. Nc3 b5 6. a3 Bb7 7. Be2 Nc6 8.
O-O Qc7 9. Kh1 Nf6 10. f4 Nxd4 11. Qxd4 Bc5 12. Qd3 O-O 13. e5 Nd5 14. Ne4
Be7 15. Bf3 Rac8 16. c3 Qc4 17. Nf2 Bc6 18. Bd2 Qxd3 19. Nxd3 d6 20. Rad1
Rfd8 21. Bc1 Nb6 22. Bxc6 Rxc6 23. Nb4 Rcc8 24. exd6 Bxd6 25. Nxa6 Nc4 26.
Nb4 Bc5 27. h3 Bxb4 28. axb4 Nb6 29. g3 Nd5 30. Kg2 Ra8 31. Kf3 h6 32. g4
Rdc8 33. f5 Rf8 34. Kg3 Nf6 35. fxe6 fxe6 36. Rfe1 Rfe8 37. Rd6 e5 38. g5
hxg5 39. Bxg5 Nh5+ 40. Kg4 Nf6+ 41. Bxf6 gxf6 42. Rxf6 Ra2 43. Re2 e4 44.
Kf4 e3 45. Rf5 Ra1 46. Rg2+ Kh8 47. Rh5# {Black checkmated} 1-0

[Event "ICC tourney 1941 (7 2)"]
[Site "Internet Chess Club"]
[Date "2020.07.31"]
[Round "7"]
[White "JosephLevine"]
[Black "Viking21"]
[Result "1-0"]
[ICCResult "Black resigns"]
[WhiteElo "1635"]
[BlackElo "1485"]
[Opening "Alekhine's defense: four pawns attack"]
[ECO "B03"]
[NIC "AL.07"]
[Time "22:23:30"]
[TimeControl "420+2"]

1. e4 Nf6 2. e5 Nd5 3. d4 d6 4. c4 Nb6 5. f4 dxe5 6. fxe5 c5 7. d5 g6 8. Nc3
Bg7 9. Bf4 O-O 10. Bd3 e6 11. d6 Nc6 12. Nf3 Nd7 13. Qe2 f6 14. exf6 Nxf6
15. Nb5 Nh5 16. Be3 Bxb2 17. Qxb2 e5 18. O-O Nf4 19. Bxf4 exf4 20. Be4 a6
21. Bd5+ {Black resigns} 1-0

[Event "ICC tourney 1941 (7 2)"]
[Site "Internet Chess Club"]
[Date "2020.07.31"]
[Round "7"]
[White "LChessMaster"]
[Black "NonnaThat"]
[Result "1-0"]
[ICCResult "Black resigns"]
[WhiteElo "1562"]
[BlackElo "1709"]
[Opening "Queen's Indian: 4.Nc3"]
[ECO "E12"]
[NIC "QI.02"]
[Time "22:23:29"]
[TimeControl "420+2"]

1. d4 Nf6 2. c4 e6 3. Nf3 b6 4. Nc3 Bb7 5. e3 Bb4 6. Bd2 O-O 7. Be2 d6 8.
O-O Nbd7 9. a3 Bxc3 10. Bxc3 Ne4 11. Qc2 c5 12. Rad1 Qe7 13. b4 Ndf6 14. Bb2
Rac8 15. Bd3 Rfd8 16. Ne1 cxb4 17. axb4 b5 18. f3 bxc4 19. Bxe4 Nxe4 20.
fxe4 Qh4 21. Rf4 Qe7 22. Bc3 e5 23. Rg4 Qe6 24. Rg3 exd4 25. Bxd4 f6 26. Qf2
Bxe4 27. Qxf6 {Black resigns} 1-0

[Event "ICC tourney 1941 (7 2)"]
[Site "Internet Chess Club"]
[Date "2020.07.31"]
[Round "7"]
[White "ganzy"]
[Black "steinutz"]
[Result "1-0"]
[ICCResult "Black checkmated"]
[WhiteElo "1523"]
[BlackElo "1521"]
[Opening "Three knights game"]
[ECO "C46"]
[NIC "KP.06"]
[Time "22:23:34"]
[TimeControl "420+2"]

1. e4 e5 2. Nf3 Nc6 3. Nc3 Bc5 4. Nxe5 Nxe5 5. d4 Bb4 6. dxe5 Bxc3+ 7. bxc3
Qe7 8. Qd4 b6 9. Qd5 Rb8 10. Bd3 Bb7 11. Qd4 h5 12. Bf4 Nh6 13. e6 fxe6 14.
Bxc7 Rc8 15. Bd6 Qg5 16. O-O Nf7 17. f4 Qg4 18. h3 Qg6 19. Ba3 h4 20. f5
exf5 21. Rxf5 Ng5 22. Raf1 Ne6 23. Qd6 Kd8 24. Rf7 Rc7 25. Rf8+ Rxf8 26.
Rxf8+ Nxf8 27. Qxf8+ Qe8 28. Be7+ Kc8 29. Qxe8# {Black checkmated} 1-0

[Event "ICC tourney 1941 (7 2)"]
[Site "Internet Chess Club"]
[Date "2020.07.31"]
[Round "7"]
[White "binomialfactor"]
[Black "benusa"]
[Result "0-1"]
[ICCResult "White resigns"]
[WhiteElo "1783"]
[BlackElo "2242"]
[Opening "QGD: 3.Nc3"]
[ECO "D31"]
[NIC "QP.08"]
[Time "22:23:28"]
[TimeControl "420+2"]

1. d4 d5 2. c4 e6 3. Nc3 Bb4 4. cxd5 exd5 5. Bf4 Nf6 6. e3 Bf5 7. Bd3 Bxd3
8. Qxd3 c6 9. Ne2 Nbd7 10. O-O O-O 11. a3 Be7 12. Ng3 Re8 13. Nf5 Bf8 14.
Bd6 Nb6 15. Bxf8 Kxf8 16. Rfe1 g6 17. Ng3 Qd7 18. Rad1 Rad8 19. f3 Nc4 20.
Re2 h5 21. e4 h4 22. Nf1 Nh5 23. exd5 cxd5 24. Rxe8+ Rxe8 25. Qc2 Nf4 26. a4
h3 27. g3 Ng2 28. Qf2 Qf5 29. b3 Nce3 30. Nxe3 Rxe3 31. Rc1 Rxf3 32. Qd2 Ne3
33. Qe2 Ng4 34. Rf1 Rxf1+ 35. Qxf1 Qc2 36. Ne2 Qxb3 37. Qxh3 Qe3+ 38. Kh1
Nf2+ 39. Kg2 Nxh3 {White resigns} 0-1

[Event "ICC tourney 1941 (7 2)"]
[Site "Internet Chess Club"]
[Date "2020.07.31"]
[Round "7"]
[White "closedforce"]
[Black "AVS"]
[Result "1-0"]
[ICCResult "Black checkmated"]
[WhiteElo "1405"]
[BlackElo "1297"]
[Opening "Catalan: closed, main line"]
[ECO "E09"]
[NIC "QP.08"]
[Time "22:23:38"]
[TimeControl "420+2"]

1. d4 d5 2. c4 e6 3. Nf3 Nf6 4. g3 Nbd7 5. Bg2 Be7 6. O-O O-O 7. Qc2 c6 8.
Nbd2 b6 9. e4 dxe4 10. Nxe4 Bb7 11. Rd1 Qc7 12. Bf4 Qc8 13. Bd6 Bxd6 14.
Nxd6 Qc7 15. c5 Nd5 16. Rac1 Rad8 17. Ne5 bxc5 18. Nxd7 Qxd6 19. Nxf8 Qxf8
20. Qxc5 Qxc5 21. Rxc5 Kf8 22. Bxd5 Rxd5 23. Rxd5 exd5 24. Re1 Bc8 25. Kg2
Be6 26. Kf3 Ke7 27. Kf4 Kf6 28. Rc1 Bd7 29. Rc5 a6 30. h4 h5 31. f3 g6 32.
g4 hxg4 33. fxg4 Kg7 34. Ke5 Bxg4 35. Rxc6 f6+ 36. Kxd5 Bf3+ 37. Kd6 Bxc6
38. Kxc6 g5 39. hxg5 fxg5 40. d5 g4 41. d6 g3 42. d7 g2 43. d8=Q g1=Q 44.
Qd7+ Kf6 45. Qd6+ Kf7 46. Qd5+ Kf6 47. b4 Qc1+ 48. Kb6 Qf1 49. Qc5 Ke6 50.
a4 Kd7 51. Qc7+ Ke6 52. a5 Qb5+ 53. Ka7 Qd3 54. Qb6+ Kd7 55. Qxa6 Qd4+ 56.
Qb6 Qe5 57. b5 Kc8 58. Qc6+ Kd8 59. b6 Qe7+ 60. b7 Qe3+ 61. Qb6+ Qxb6+ 62.
axb6 Kd7 63. b8=Q Kc6 64. Qc7+ Kb5 65. b7 Ka4 66. b8=Q Ka3 67. Qb5 Ka2 68.
Qca5# {Black checkmated} 1-0

[Event "ICC tourney 1941 (7 2)"]
[Site "Internet Chess Club"]
[Date "2020.07.31"]
[Round "7"]
[White "PappusChain923"]
[Black "sahilmd"]
[Result "0-1"]
[ICCResult "White checkmated"]
[WhiteElo "1753"]
[BlackElo "2142"]
[Opening "Nimzo-Indian: classical variation"]
[ECO "E32"]
[NIC "NI.20"]
[Time "22:23:32"]
[TimeControl "420+2"]

1. d4 Nf6 2. c4 e6 3. Nc3 Bb4 4. Qc2 O-O 5. a3 Bxc3+ 6. Qxc3 d6 7. Bg5 Nbd7
8. e3 b6 9. Nf3 Bb7 10. Be2 Qe7 11. O-O c5 12. Rad1 Rac8 13. dxc5 bxc5 14.
Qd2 d5 15. cxd5 exd5 16. Bb5 Qe6 17. Qc2 h6 18. Bf4 Rfd8 19. Bd3 Ne4 20.
Bxe4 Qxe4 21. Qxe4 dxe4 22. Ne5 Nb6 23. b3 f6 24. Nc4 Nxc4 25. bxc4 Ba6 26.
h4 Kf7 27. Rd6 Rxd6 28. Bxd6 Ke6 29. Bg3 Bxc4 30. Rc1 Bb5 31. f3 Bd3 32. Be1
Kd5 33. fxe4+ Bxe4 34. Rd1+ Ke6 35. Bg3 a6 36. Rd6+ Kf5 37. Be1 Rc6 38. Rd7
g5 39. h5 c4 40. Bc3 Kg4 41. Rf7 Kf5 42. Rh7 Kg4 43. Rxh6 Rb6 44. Rxf6 Rb1+
45. Kf2 Rb3 46. Bd4 c3 47. Re6 c2 48. Rxe4+ Kxh5 49. g4+ Kh4 50. Be5 c1=Q
51. Bg3+ Kh3 52. Kf3 Qf1+ 53. Bf2 Rb2 54. Re8 Qg2# {White checkmated} 0-1

[Event "ICC tourney 1941 (7 2)"]
[Site "Internet Chess Club"]
[Date "2020.07.31"]
[Round "7"]
[White "Bo002"]
[Black "guineapig25"]
[Result "1-0"]
[ICCResult "Black resigns"]
[WhiteElo "1788"]
[BlackElo "1693"]
[Opening "King's Indian: Kramer system"]
[ECO "E70"]
[NIC "KI.31"]
[Time "22:23:36"]
[TimeControl "420+2"]

1. d4 Nf6 2. c4 g6 3. Nc3 Bg7 4. e4 d6 5. Nge2 O-O 6. Ng3 e5 7. d5 a5 8. h4
h5 9. Bg5 Na6 10. Be2 Nc5 11. Bxh5 gxh5 12. Nxh5 Ncd7 13. Qf3 b6 14. Rh3 Ba6
15. Rg3 Nxh5 16. Bxd8 Nxg3 17. Bxc7 f5 18. Qxg3 Rf6 19. exf5 Rc8 20. Bxd6
Rxd6 21. Ne4 Rh6 22. b3 Nf6 23. Ng5 Nh5 24. Qg4 Nf6 25. Qh3 Re8 26. Ne6 Bc8
27. g4 Bxe6 28. dxe6 Ne4 29. Qg2 Nc5 30. g5 Rxh4 31. f6 Nxe6 32. fxg7 Kxg7
33. O-O-O Rd4 34. Rxd4 Nxd4 35. Qb7+ Kg6 36. Qxb6+ Kxg5 37. Qxa5 Kf5 38. Qd5
Rh8 39. c5 Rh2 40. c6 Rxf2 41. Qd7+ Ke4 42. c7 Kd3 43. c8=Q Rf1+ 44. Kb2
Rf2+ 45. Ka3 e4 46. Qc4+ Ke3 47. Qdxd4+ Kf3 48. Qf7+ {Black resigns} 1-0

[Event "ICC tourney 1941 (7 2)"]
[Site "Internet Chess Club"]
[Date "2020.07.31"]
[Round "7"]
[White "harkerchess"]
[Black "AccuratePotato"]
[Result "1-0"]
[ICCResult "Black forfeits on time"]
[WhiteElo "1368"]
[BlackElo "1282"]
[Opening "English: Carls' Bremen system"]
[ECO "A22"]
[NIC "EO.10"]
[Time "22:23:42"]
[TimeControl "420+2"]

1. c4 e5 2. Nc3 Nf6 3. g3 Nc6 4. Bg2 Bc5 5. e3 O-O 6. Nge2 a6 7. a3 h6 8.
O-O d6 9. d4 exd4 10. exd4 Ba7 11. b4 Bg4 12. h3 Bf5 13. Be3 Qd7 14. Kh2
Rfe8 15. Qd2 Ne4 16. Nxe4 Bxe4 17. Bxe4 Rxe4 18. Qd3 Rae8 19. Nc3 R4e7 20.
Rad1 Qd8 21. Qc2 Nb8 22. Rfe1 Nd7 23. Nd5 Re4 24. Bg5 Rxe1 25. Bxd8 R8e2 26.
Rd2 {Black forfeits on time} 1-0

[Event "ICC tourney 1941 (7 2)"]
[Site "Internet Chess Club"]
[Date "2020.07.31"]
[Round "7"]
[White "playtowin2020"]
[Black "rjc64uk"]
[Result "1-0"]
[ICCResult "Black checkmated"]
[WhiteElo "1598"]
[BlackElo "1683"]
[Opening "French: Tarrasch, closed variation, main line"]
[ECO "C06"]
[NIC "FR.17"]
[Time "22:23:39"]
[TimeControl "420+2"]

1. e4 e6 2. d4 d5 3. Nd2 Nf6 4. e5 Nfd7 5. Bd3 c5 6. c3 Nc6 7. Ne2 cxd4 8.
cxd4 f6 9. exf6 Nxf6 10. O-O Bd6 11. Nf3 O-O 12. Ng3 Qc7 13. Be3 Bd7 14. Rc1
Rac8 15. Re1 Qb8 16. Bb1 Kh8 17. a3 e5 18. dxe5 Nxe5 19. Nxe5 Bxe5 20. Rxc8
Rxc8 21. Bxa7 Qxa7 22. Rxe5 Ng4 23. Re2 Rf8 24. Qc2 g6 25. h3 Nf6 26. Re7
Qd4 27. Qc3 Qxc3 28. bxc3 Bc6 29. Ne2 Ra8 30. Bd3 Rxa3 31. Kh2 d4 32. Nxd4
Rxc3 33. Nxc6 bxc6 34. Be2 Nd5 35. Rd7 Nb4 36. Bf3 Rc2 37. Kg3 c5 38. Rc7 c4
39. Kh4 h6 40. Kg4 Nd3 41. h4 Nxf2+ 42. Kf4 Nd3+ 43. Ke4 Nb4 44. Ke5 Rd2 45.
Rxc4 Na6 46. Rc6 Nb4 47. Rxg6 Kh7 48. Rb6 Nc2 49. Kf6 Nd4 50. Be4+ Kg8 51.
Rb8# {Black checkmated} 1-0

[Event "ICC tourney 1941 (7 2)"]
[Site "Internet Chess Club"]
[Date "2020.07.31"]
[Round "7"]
[White "IndianTerritory"]
[Black "Redbaron"]
[Result "1/2-1/2"]
[ICCResult "Game drawn by repetition"]
[WhiteElo "1719"]
[BlackElo "2334"]
[Opening "Sicilian: Najdorf, Lipnitzky attack"]
[ECO "B86"]
[NIC "SI.13"]
[Time "22:23:41"]
[TimeControl "420+2"]

1. e4 c5 2. Nf3 d6 3. d4 cxd4 4. Nxd4 Nf6 5. Nc3 a6 6. Bc4 e6 7. Bb3 Be7 8.
g4 h6 9. Be3 Nc6 10. Rg1 Qc7 11. Nxc6 bxc6 12. f4 d5 13. e5 Nd7 14. Qf3 Bb7
15. Qe2 c5 16. Bf2 g5 17. Bg3 gxf4 18. Bxf4 Bh4+ 19. Kf1 Bg5 20. Bg3 c4 21.
Ba4 O-O-O 22. Bxd7+ Rxd7 23. Rg2 Kb8 24. Qf3 d4 25. Ne4 d3 26. Re1 Qc6 27.
Nxg5 Qxf3+ 28. Nxf3 Bxf3 29. Rd2 Bxg4 30. Kf2 Rhd8 31. Bf4 h5 32. Bg5 Rg8
33. h4 Bf5 34. Kf3 Rc8 35. Rg1 Rcc7 36. cxd3 cxd3 37. Bf4 Bg6 38. Bg5 Kb7
39. Ke3 Rc4 40. Bf6 Re4+ 41. Kf3 Rdd4 42. Kf2 Rf4+ 43. Kg3 Rg4+ 44. Kf2 Rxg1
45. Kxg1 Rf4 46. Bg5 Rf3 47. Rf2 Rg3+ 48. Rg2 Rh3 49. Rh2 Rg3+ 50. Rg2 Rxg5
51. hxg5 Kc6 52. Kf2 Kd5 53. Ke3 Kxe5 54. b3 Kd5 55. a3 e5 56. Rg1 Bf5 57.
Rf1 Bg6 58. Rf6 h4 59. Rf3 Ke6 60. Rf6+ Kd5 61. Rf3 Ke6 62. Rf6+ Kd5 63. Rf3
Ke6 64. Rf6+ Kd5 65. Rf3 {Game drawn by repetition} 1/2-1/2

[Event "ICC tourney 1941 (7 2)"]
[Site "Internet Chess Club"]
[Date "2020.07.31"]
[Round "7"]
[White "helavir"]
[Black "vyomvidy"]
[Result "0-1"]
[ICCResult "White forfeits on time"]
[WhiteElo "2193"]
[BlackElo "1840"]
[Opening "Ruy Lopez: closed defense"]
[ECO "C84"]
[NIC "RL.13"]
[Time "22:23:44"]
[TimeControl "420+2"]

1. e4 e5 2. Nf3 Nc6 3. Bb5 a6 4. Ba4 Nf6 5. O-O Be7 6. d3 d6 7. c3 Bg4 8. h3
Bh5 9. Nbd2 Nd7 10. Re1 Nc5 11. Bc2 Ne6 12. Nf1 Ng5 13. Bxg5 Bxg5 14. Ng3
Bxf3 15. Qxf3 g6 16. a3 Qf6 17. Qe2 Nd8 18. d4 exd4 19. e5 dxe5 20. cxd4 O-O
21. dxe5 Qe7 22. Rad1 Nc6 23. Bb3 Rad8 24. Bd5 Bf4 25. e6 fxe6 26. Bxc6 bxc6
27. Ne4 Rxd1 28. Rxd1 Rd8 29. Re1 Rb8 30. b4 a5 31. bxa5 Qxa3 32. Qc4 Qxa5
33. Qxe6+ Kh8 34. Qf6+ Kg8 35. Qe6+ Kh8 36. Nf6 Qf5 37. Qf7 g5 38. Re8+ Rxe8
39. Qxe8+ Kg7 40. Nh5+ Kh6 41. g4 Qe5 42. Qxc6+ Qd6 43. Qe4 c6 44. Qc2 Be5
{White forfeits on time}
0-1

[Event "ICC tourney 1941 (7 2)"]
[Site "Internet Chess Club"]
[Date "2020.07.31"]
[Round "7"]
[White "justinchess"]
[Black "TjkTiger"]
[Result "0-1"]
[ICCResult "White forfeits on time"]
[WhiteElo "2123"]
[BlackElo "2111"]
[Opening "Old Indian defense"]
[ECO "A42"]
[NIC "OI.07"]
[Time "22:23:44"]
[TimeControl "420+2"]

1. d4 d6 2. c4 e5 3. Nf3 e4 4. Ng1 f5 5. Nc3 Nf6 6. Bg5 Be7 7. e3 Nbd7 8.
Nh3 h6 9. Bxf6 Nxf6 10. Nf4 Kf7 11. Be2 g6 12. b4 c6 13. Qb3 Kg7 14. c5 d5
15. b5 h5 16. h4 Bd7 17. Rb1 Qa5 18. Kf1 Rhc8 19. g3 Kh6 20. Kg2 Rd8 21.
bxc6 bxc6 22. Qb4 Qxb4 23. Rxb4 Rdb8 24. Rhb1 Rxb4 25. Rxb4 Bc8 26. Nb1 Bd8
27. Rb2 Bc7 28. Nd2 Ba5 29. Nb1 Bc7 30. Nd2 a5 31. Nh3 a4 32. Nb1 Ba5 33.
Nf4 Ne8 34. Kf1 Nc7 35. Na3 Kg7 36. Kg2 Kf6 37. Bd1 Ne6 38. Nxe6 Kxe6 39.
Be2 Kd7 40. Nb1 Kc7 41. Bd1 a3 42. Nxa3 Bc3 43. Rb3 Bd2 44. Be2 Bc1 45. Nb1
Rxa2 46. Nc3 Rc2 47. Kf1 Bd2 48. Nb1 Rc1+ 49. Kg2 Ba5 50. Na3 Ra1 51. Nb1
Bb7 52. Bf1 Be1 53. Rb2 Kb8 54. Be2 Ka7 55. Kg1 Bc3 56. Rb3 Ba5 57. Kg2 Ba6
58. Bxa6 Kxa6 59. Rb2 Ra4 60. Nd2 Bc3 61. Rc2 Bb4 62. Nf1 Kb5 63. Nh2 Ra3
64. Nf1 Bc3 65. Nd2 Bb4 66. Nf1 Rd3 67. Ra2 Ba3 68. Rc2 Kb4 69. Re2 Kc3 70.
Nh2 Kb3 71. Kf1 Bb4 72. Kg2 Rd1 73. Nf1 Bc3 74. Nh2 Ra1 75. Nf1 Kc4 76. g4
hxg4 77. Ng3 Kd3 78. Kh2 Bd2 79. Kg2 Ra8 80. Kf1 Rb8 81. h5 gxh5 82. Kg2 h4
{White forfeits on time}
0-1

[Event "ICC tourney 1941 (7 2)"]
[Site "Internet Chess Club"]
[Date "2020.07.31"]
[Round "7"]
[White "speedskater"]
[Black "josechess99"]
[Result "0-1"]
[ICCResult "White resigns"]
[WhiteElo "1855"]
[BlackElo "2481"]
[Opening "Bogo-Indian defense"]
[ECO "E11"]
[NIC "QI.01"]
[Time "22:23:31"]
[TimeControl "420+2"]

1. d4 Nf6 2. c4 e6 3. Nf3 Bb4+ 4. Bd2 c5 5. Bxb4 cxb4 6. g3 b6 7. Bg2 Bb7 8.
O-O a5 9. a3 Na6 10. Nbd2 O-O 11. Re1 d6 12. e4 Qc7 13. e5 dxe5 14. Nxe5
Rfd8 15. Bxb7 Qxb7 16. Qf3 Qxf3 17. Ndxf3 Rac8 18. Rac1 h6 19. h4 Nd7 20.
Kg2 Rc7 21. Nxd7 Rdxd7 22. Re5 Rc6 23. axb4 Nxb4 24. Rb5 f6 25. b3 Kf7 26.
g4 Nd5 27. c5 Nf4+ 28. Kf1 bxc5 29. dxc5 e5 30. Ne1 Ra7 31. f3 Ne6 32. Rc4
Nd4 33. Rb6 Rac7 34. Nd3 Nxf3 35. Kf2 Nd2 36. Ra4 e4 37. Ke3 exd3 38. Rxc6
Nf1+ 39. Kf2 Rxc6 40. Kxf1 Rxc5 41. Kf2 Rc3 42. Rxa5 Rxb3 43. Rd5 Ke6 44.
Rd8 Ke7 45. Rd4 Kf7 46. Kf3 Kg6 47. Rd5 Kh7 48. Ke4 Rb4+ 49. Kf3 Rb3 50. Ke4
Ra3 51. Rd8 h5 52. gxh5 Ra4+ 53. Kf5 Rxh4 54. Rxd3 Rxh5+ 55. Ke6 Kg6 56. Ke7
Re5+ 57. Kf8 f5 58. Rd6+ Kh7 59. Rd7 Kh6 60. Rxg7 Re8+ {White resigns} 0-1

[Event "ICC tourney 1941 (7 2)"]
[Site "Internet Chess Club"]
[Date "2020.07.31"]
[Round "7"]
[White "caracal"]
[Black "Sricharan07"]
[Result "0-1"]
[ICCResult "White checkmated"]
[WhiteElo "1359"]
[BlackElo "1581"]
[Opening "Benoni: classical with e4 and Nf3"]
[ECO "A70"]
[NIC "BI.20"]
[Time "22:23:41"]
[TimeControl "420+2"]

1. d4 Nf6 2. c4 c5 3. d5 e6 4. Nc3 exd5 5. cxd5 d6 6. e4 g6 7. Nf3 Bg7 8.
Nd2 O-O 9. Nc4 Ne8 10. Be3 Nc7 11. a4 Re8 12. f3 Qe7 13. Be2 f5 14. Bd3 fxe4
15. fxe4 Rf8 16. Qd2 Nd7 17. O-O-O Ne5 18. Nxe5 Qxe5 19. Rdf1 Bd7 20. Bf4
Qe7 21. Bg5 Qe5 22. g3 a6 23. Bh6 b5 24. axb5 axb5 25. Bxg7 Kxg7 26. Rxf8
Rxf8 27. Qe2 b4 28. Nd1 Ra8 29. Kb1 Qd4 30. Rf1 Qe5 31. Qf3 Qe7 32. Ne3 Rf8
33. Qxf8+ Qxf8 34. Rxf8 Kxf8 35. Nc4 Ke7 36. Kc2 Bb5 37. Ne3 Ba4+ 38. Kd2
Ne8 39. g4 Nf6 40. g5 Nd7 41. Ng4 Nf8 42. Bc4 Bd7 43. Nf2 Bc8 44. Ke3 Kf7
45. Kf4 Nd7 46. Ng4 Nb6 47. Ne3 Ke7 48. e5 Bb7 49. Ke4 Na4 50. Nd1 Nb6 51.
Ne3 Na4 52. Nd1 Nb6 53. b3 Nd7 54. e6 Ne5 55. Ne3 Ba8 56. Be2 Bb7 57. Nc4
Nxc4 58. Bxc4 Bc8 59. Bb5 Bb7 60. h4 Ba8 61. Bc4 Bb7 62. Kf4 Ba8 63. Kg4 Bb7
64. h5 Kf8 65. hxg6 hxg6 66. Kf4 Kg7 67. Ke4 Kf8 68. Bb5 Ke7 69. Bd7 Ba6 70.
Bc6 Bf1 71. Bd7 Be2 72. Bc6 Bd1 73. Ba4 Be2 74. Bc6 Bd1 75. Ba4 c4 76. Ke3
cxb3 77. Kd2 b2 78. Bc2 Bf3 79. Bxg6 Bxd5 80. Kc2 Bxe6 81. Kxb2 Kf8 82. Be4
d5 83. Bd3 d4 84. Kc2 Ke7 85. Kb2 Kd6 86. Bb1 Ke5 87. Bd3 Bg8 88. Kc2 Kf4
89. g6 Kg5 90. g7 Kf6 91. Bb5 Kxg7 92. Ba4 Kf6 93. Kd3 Ke5 94. Bb5 Bd5 95.
Kc2 Ke4 96. Bd3+ Ke3 97. Bh7 b3+ 98. Kc1 d3 99. Bg6 d2+ 100. Kd1 Bf3#
{White checkmated}
0-1